Map: New Gettysburg LE

Players

eliteGG - Winner!

  • Race: Terran Terran
  • League: Gold

Nickos

  • Race: Terran Terran
  • League: Gold

VOD

Have the link to the VOD?

Description

Time

  • Played on: Sept. 11, 2016, 3:33 a.m.
  • Length: 10:37
Show
View Real Time Build Order
Export as new Build Order

eliteGG Terran - Winner!

Build Orders: 1/1/1, Banshee Rush 

Get SALT Encoding   

  12  0:01  SCV  
  13  0:13  SCV  
  14  0:20  Supply Depot  
  14  0:25  SCV  
  15  0:30  Refinery  
  15  0:42  Barracks  
  15  0:46  SCV  
  16  0:57  Refinery  
  16  0:58  SCV  
  17  1:10  SCV  
  18  1:12  Supply Depot  
  18  1:22  SCV  
  19  1:32  Factory  
  19  1:42  Reaper  
  19  1:46  Orbital Command  
  20  2:21  Factory Tech Lab  
  20  2:23  Reaper  
  20  2:25  Starport  
  21  2:37  SCV  
  21  2:41  Supply Depot  
  22  2:49  SCV  
  23  3:26  Cloaking Field  
  23  3:27  Banshee  
  23  3:31  Command Center  
  26  3:45  Reaper  
  27  4:10  Banshee  
  27  4:16  Supply Depot  
  27  4:17  Reaper, Supply Depot  
  30  4:19  Factory Tech Lab  
  30  4:20  Barracks  
  30  4:22  Barracks  
  30  4:35  SCV  
  31  4:42  Orbital Command  
  31  4:47  SCV  
  31  4:49  Reaper  
  33  5:08  Banshee, SCV x2  
  38  5:20  SCV x2  
  40  5:22  Reaper  
  40  5:32  SCV  
  36  5:54  Reaper  
  36  5:56  Banshee  
  40  6:25  Siege Tank  
  43  6:26  Reaper  
  44  6:36  SCV x2  
  44  6:39  Banshee  
  49  6:44  Barracks Tech Lab x2  
  49  6:48  SCV x2  
  49  6:51  Command Center  
  51  6:57  Siege Tank  
  51  6:58  Marine  
  51  7:00  Supply Depot, SCV x2  
  51  7:01  Supply Depot  
  57  7:04  Supply Depot  
  57  7:05  Supply Depot  
  57  7:12  SCV x2  
  59  7:16  Combat Shields, Stimpack  
  59  7:18  Marauder x2  
  64  7:24  Barracks Reactor  
  63  7:39  Marine x2  
  63  7:42  Banshee  
  68  7:44  Cyclone  
  68  7:50  SCV x2  
  74  7:53  Refinery  
  74  7:54  Refinery  
  74  7:57  Marine x2  
  76  8:02  SCV x2  
  78  8:05  Orbital Command  
  78  8:11  Supply Depot  
  78  8:13  Supply Depot  
  78  8:14  Supply Depot, SCV x2  
  78  8:15  Marine  
  78  8:16  Marine x3  
  78  8:19  Cyclone  
  88  8:30  SCV x2  
  88  8:32  Marine  
  88  8:33  Marine  
  88  8:34  Marine x2  
  86  8:38  Banshee  
  90  8:46  SCV x3  
  93  8:49  Engineering Bay  
  93  8:51  Cyclone  
  97  8:58  SCV x2  
  97  8:59  SCV  
  94  9:17  Missile Turret  
  94  9:18  Liberator, Missile Turret  
  94  9:20  Missile Turret  
  92  9:29  SCV x3  
  94  9:32  Marine x4  
  100  9:41  SCV x3  
  100  9:42  Missile Turret  
  103  9:49  Marine  
  103  9:50  Marine x3  
  107  10:07  Marine  
  107  10:08  Marine x3  
Show
View Real Time Build Order
Export as new Build Order

Nickos Terran 

Build Orders: Reaper Expand 

Get SALT Encoding   

  12  0:01  SCV  
  13  0:13  SCV  
  14  0:20  Supply Depot  
  14  0:25  SCV  
  15  0:41  SCV  
  16  0:42  Barracks  
  16  0:45  Refinery  
  16  0:53  SCV  
  17  1:05  SCV  
  18  1:18  SCV  
  19  1:29  Reaper  
  19  1:30  Orbital Command  
  20  1:44  Command Center  
  20  1:54  Supply Depot  
  20  2:02  Barracks  
  20  2:05  SCV  
  21  2:13  Marine  
  22  2:17  SCV  
  23  2:23  Factory  
  23  2:33  Barracks Reactor  
  22  2:39  SCV  
  22  2:41  Refinery  
  23  2:51  SCV  
  24  2:57  Barracks Tech Lab  
  23  3:00  Orbital Command  
  23  3:10  Factory Reactor  
  22  3:14  Barracks, Marine  
  23  3:24  SCV  
  23  3:25  Marine  
  26  3:31  SCV  
  26  3:34  Marine  
  26  3:35  Marine  
  27  3:43  Marine  
  27  3:50  Widow Mine  
  27  3:51  Widow Mine  
  27  3:52  Marine  
  27  3:53  Marine  
  27  3:54  SCV x2  
  33  4:00  Marine  
  33  4:11  SCV  
  33  4:12  SCV  
  33  4:16  Marine, Marauder  
  38  4:18  Marine  
  38  4:21  Starport  
  39  4:27  SCV x2  
  41  4:34  Marine  
  41  4:35  Supply Depot  
  42  4:39  SCV  
  42  4:50  Marauder, Marine  
  42  4:51  Marine  
  42  5:07  Marine  
  42  5:09  Marine  
  42  5:11  Marine  
  45  5:16  SCV  
  45  5:17  SCV  
  45  5:19  Supply Depot  
  47  5:25  Marine  
  47  5:27  Marine  
  49  5:28  SCV  
  49  5:29  SCV  
  49  5:34  Marine  
  43  5:43  Marine  
  43  5:45  Marine  
  43  5:57  SCV  
  43  5:58  Marine, SCV  
  43  6:00  Medivac, Viking  
  43  6:01  Marine  
  49  6:10  SCV x2  
  48  6:20  Stimpack  
  48  6:22  SCV x2  
  50  6:26  Engineering Bay  
  50  6:30  Medivac x2  
  54  6:33  Marine x2  
  54  6:34  SCV x2, Marine  
  59  6:46  SCV  
  59  6:47  SCV  
  61  6:58  SCV  
  62  7:08  Supply Depot  
  62  7:27  Missile Turret  
  62  7:29  Missile Turret, Marine x2  
  62  7:30  Medivac x2, SCV x2  
  62  7:33  Marine  
  62  7:35  Supply Depot  
  71  7:40  Supply Depot  
  71  7:42  SCV x2  
  73  7:47  Marine x2  
  75  7:54  SCV x2  
  75  7:58  Marine  
  78  8:00  Medivac  
  78  8:01  Terran Infantry Weapons Level 1  
  78  8:05  Supply Depot, Marine x2  
  80  8:06  SCV x2  
  80  8:07  Medivac  
  86  8:18  SCV x2  
  87  8:38  Marine x3  
  90  8:56  Marine x2  
  88  9:06  Marine  
  85  9:10  SCV x2  
  85  9:14  Marine x2  
  89  9:18  Medivac x2  
  89  9:22  SCV  
  94  9:24  Marine  
  95  9:31  Marine  
  95  9:32  Marine  
  94  9:48  Medivac x2  
  94  9:49  Marine x3  
  101  9:55  Command Center  
  101  9:57  Supply Depot  
  101  9:58  Supply Depot  
  101  9:59  Barracks x2  
  101  10:00  Supply Depot  
  101  10:04  Missile Turret  
  101  10:05  Missile Turret  
  101  10:07  Marine  
  101  10:10  Missile Turret  
  101  10:12  Marine  
  101  10:13  Marine  
Tags
 
Add a new tag
Caveats
  • Supply blocks, unpowered buildings, or Contaminate may cause inaccurate times.
  • Supply counts are checked every 10 seconds.